 Dungeon Crawl Stone Soup version 0.19-a0-1091-g463c9de (webtiles) character file.

2072 Jmtri7 the Cleaver (level 9, -1/70 HPs)
             Began as a Hill Orc Fighter on Aug 8, 2016.
             Was an Initiate of Makhleb.
             Slain by Snicker's ghost (4 damage)
             ... on level 6 of the Dungeon.
             The game lasted 00:16:54 (7050 turns).

Jmtri7 the Cleaver (Hill Orc Fighter)               Turns: 7050, Time: 00:16:54

Health: -1/70      AC: 13    Str: 27    XL:     9   Next: 26%
Magic:  18/18      EV:  7    Int:  8    God:    Makhleb [......]
Gold:   173        SH:  0    Dex: 10    Spells: 0 memorised, 8 levels left

rFire  + . .     SeeInvis .     I - +0 battleaxe
rCold  x . .     Gourm    .     p - +0 plate armour
rNeg   . . .     Faith    .     (shield currently unavailable)
rPois  .         Spirit   .     (no helmet)
rElec  .         Dismiss  .     E - +0 cloak
rCorr  .         Reflect  .     A - +0 pair of gloves
SustAt .         Harm     .     (no boots)
MR     .....                    a - amulet of magic regeneration
Stlth  ..........               F - ring of magical power
                                m - ring of fire

@: confused, mighty, lethally poisoned (-1 -> -2), slowed, very slow
A: no striking features
a: Renounce Religion


You were on level 6 of the Dungeon.
You worshipped Makhleb.
Makhleb was noncommittal.
You were near starving.

You visited 2 branches of the dungeon, and saw 7 of its levels.

You collected 335 gold pieces.
You spent 162 gold pieces at shops.

Inventory:

Hand Weapons
 I - a +0 battleaxe (weapon)
Armour
 p - a +0 plate armour (worn)
 A - a +0 pair of gloves (worn)
 E - a +0 cloak (worn)
Jewellery
 a - an amulet of magic regeneration (around neck)
 m - a ring of fire (left hand)
 F - a ring of magical power (right hand)
Scrolls
 b - 2 scrolls of teleportation {unknown}
 c - a scroll of recharging {unknown}
 e - a scroll of immolation {unknown}
 g - a scroll of vulnerability {unknown}
 i - a scroll of random uselessness {unknown}
 j - a scroll of enchant weapon {unknown}
 k - a scroll of noise {unknown}
 s - 2 scrolls of remove curse {unknown}
 t - 5 scrolls of identify {unknown}
 w - 2 scrolls of magic mapping {unknown}
 y - 2 scrolls of amnesia {unknown}
 z - a scroll of enchant armour {unknown}
Potions
 n - 2 potions of heal wounds {unknown}
 q - a potion of lignification {unknown}
 r - 2 potions of cure mutation {unknown}
 u - 2 potions of mutation {unknown}
 x - a potion of cancellation {unknown}
 B - a potion of resistance {unknown}
 C - 3 potions of brilliance {unknown}
 D - a potion of haste {unknown}
Books
 o - an Akashic Record

   Spells                             Type                      Level
   a - Dispersal                      Translocation                6
   b - Malign Gateway                 Summoning/Translocation      7
   c - Disjunction                    Translocation                8
   d - Controlled Blink               Translocation                8
Comestibles
 f - 6 bread rations
 l - 6 meat rations


   Skills:
 - Level 3.6 Fighting
 + Level 14.8 Axes
 - Level 3.2 Armour
   Level 3.2 Shields


You had 8 spell levels left.
You didn't know any spells.

Dungeon Overview and Level Annotations

Branches:
Dungeon (6/15)             Temple (1/1) D:6

Altars:
Cheibriados
Dithmenos
Elyvilon
Fedhas
Gozag
Hepliaklqana
Makhleb
Okawaru
Qazlal
Sif Muna
Vehumet
Xom
Yredelemnul
The Shining One

Shops:
D:5 ***

Annotations:
D:6 Snicker's ghost, novice MiGl


Message History

* * * LOW HITPOINT WARNING * * *
You feel your power leaking away.
Snicker's ghost whispers, "Meet the emptiness of death!"
Snicker's ghost hits you but does no damage.
You completely miss Snicker's ghost.
Snicker's ghost is almost destroyed.
You feel sick. Snicker's ghost hits you.
* * * LOW HITPOINT WARNING * * *
Snicker's ghost freezes you.
* * * LOW HITPOINT WARNING * * *
You closely miss Snicker's ghost.
Snicker's ghost is almost destroyed.
Snicker's ghost hits you but does no damage.
Snicker's ghost hits you.
* * * LOW HITPOINT WARNING * * *
You are confused.
You feel sick. Snicker's ghost closely misses you.
Snicker's ghost hits you but does no damage.
Snicker's ghost hits you.
You die...

........#####....#
#...###...
##......# #....#
#....##...
##......## #....#
##..###...
#.....W..# #....#
##..# ##..
..[......# #....#
##...## #..
..........# ##...#
####8....####.
..........# #...#
...#......# #.
...........# #...#
._.......## ##
?..........#
##W@##...#(....## #
...........##
#..######8.....####
............# #..#
##...####..
............# ##.#
#...# #..#
............## #.#
#...# #.##
.............# ###
##..# ###
.............#
#...#
...[.........#
##...#
.............##
##...##


You could see Snicker's ghost.

Vanquished Creatures
  Pikel (D:5)
  Sigmund (D:4)
  A wyvern (D:6)
  Menkaure (D:6)
  An orc warrior (D:5)
  2 ice beasts (D:6)
  An ogre (D:5)
  2 scorpions
  4 crimson imps
  A centaur zombie (D:5)
  A giant frog skeleton (D:6)
  An orc priest (D:5)
  A hound (D:4)
  6 orc wizards
  A centaur skeleton (D:5)
  An iguana (D:6)
  2 worker ants (D:5)
  A hound zombie (D:5)
  4 gnolls
  An adder (D:2)
  A shadow imp (D:5)
  4 worms
  A dart slug (D:3)
  3 giant geckos
  28 orcs
  2 ball pythons
  5 bats
  2 giant cockroaches
  13 goblins
  5 hobgoblins
  4 jackals (D:4)
  2 quokkas
  A ball python zombie (D:5)
  A giant gecko skeleton (D:5)
  4 giant newts
  12 kobolds
  7 rats
129 creatures vanquished.

Vanquished Creatures (others)
  A slave (D:6)
  An ogre (D:5)
  A scorpion (D:5)
  An adder (D:6)
  An orc (D:5)
  A fungus (D:5)
6 creatures vanquished.

Grand Total: 135 creatures vanquished

Notes
Turn   | Place    | Note
-------+----------+-------------------------------------------
     0 | D:1      | Jmtri7 the Hill Orc Fighter began the quest for the Orb.
     0 | D:1      | Reached XP level 1. HP: 19/19 MP: 1/1
     0 | D:1      | Noticed a gargoyle
     1 | D:1      | Noticed a felid
     4 | D:1      | Noticed a centaur
     4 | D:1      | Noticed a minotaur
     6 | D:1      | Noticed a draconian
     7 | D:1      | Noticed a spriggan
     9 | D:1      | Noticed a vampire
    11 | D:1      | Noticed a naga
    11 | D:1      | Noticed a dwarf
    13 | D:1      | Noticed an elf
    15 | D:1      | Noticed a centaur
    15 | D:1      | Noticed a spriggan
    17 | D:1      | Noticed a vine stalker
    17 | D:1      | Noticed a vampire
    19 | D:1      | Noticed an elf
    19 | D:1      | Noticed an elf
    21 | D:1      | Noticed a draconian
    42 | D:1      | Reached skill level 3 in Axes
   167 | D:1      | Reached skill level 4 in Axes
   167 | D:1      | Reached XP level 2. HP: 10/26 MP: 2/2
   533 | D:2      | Reached XP level 3. HP: 30/31 MP: 3/3
   796 | D:2      | Reached skill level 5 in Axes
  1232 | D:3      | Reached XP level 4. HP: 29/39 MP: 4/4
  1361 | D:3      | Reached skill level 6 in Axes
  1634 | D:3      | Found a shimmering altar of Xom.
  1737 | D:3      | Reached XP level 5. HP: 45/45 MP: 5/5
  1840 | D:3      | Reached skill level 7 in Axes
  1967 | D:3      | Reached skill level 8 in Axes
  1967 | D:3      | Reached XP level 6. HP: 47/51 MP: 6/6
  2775 | D:4      | Noticed Sigmund
  2791 | D:4      | Killed Sigmund
  2791 | D:4      | Reached skill level 9 in Axes
  2791 | D:4      | Reached XP level 7. HP: 55/57 MP: 7/7
  2891 | D:5      | Entered Level 5 of the Dungeon
  2891 | D:5      | Found Enliti's Assorted Antiques.
  2891 | D:5      | Found a blossoming altar of Fedhas.
  3098 | D:5      | Reached skill level 10 in Axes
  3417 | D:4      | Reached skill level 11 in Axes
  3708 | D:5      | Found a shadowy altar of Dithmenos.
  3708 | D:5      | Found a white marble altar of Elyvilon.
  3708 | D:5      | Found a snail-covered altar of Cheibriados.
  3710 | D:5      | Found a stormy altar of Qazlal.
  3712 | D:5      | Found a hazy altar of Hepliaklqana.
  3713 | D:5      | Found an iron altar of Okawaru.
  3740 | D:5      | Noticed Pikel
  3800 | D:5      | Killed Pikel
  3800 | D:5      | Reached skill level 12 in Axes
  3800 | D:5      | Reached XP level 8. HP: 46/64 MP: 8/8
  4065 | D:5      | Found Vonaom's Assorted Antiques.
  4079 | D:5      | Bought a battleaxe for 162 gold pieces
  4419 | D:5      | Reached skill level 13 in Axes
  4449 | D:5      | Found Taqeluta's General Store.
  4880 | D:6      | Noticed a wyvern
  4902 | D:6      | Killed a wyvern
  5359 | D:6      | Reached skill level 14 in Axes
  5359 | D:6      | Reached XP level 9. HP: 50/70 MP: 9/9
  5391 | D:6      | Found a staircase to the Ecumenical Temple.
  5403 | Temple   | Entered the Ecumenical Temple
  5460 | Temple   | Became a worshipper of Makhleb the Destroyer
  5523 | D:6      | Noticed Snicker's ghost (novice MiGl)
  5530 | D:6      | Paralysed by Snicker's ghost for 4 turns
  5537 | D:6      | Noticed Menkaure
  6764 | D:6      | Found a glowing golden altar of the Shining One.
  6802 | D:6      | Killed Menkaure
  7047 | D:6      | HP: 3/70 [Snicker's ghost (4)]
  7050 | D:6      | Slain by Snicker's ghost

Vault maps used:
D:1:      shiori_arrival_whats_in_store_for_you
D:2:      first_bread
D:3:      hex_large, led_xom_imps
D:4:      uniq_sigmund
D:5:      corexii_shack_village, minitemple, serial_shops, shop_statue,
          nicolae_shop_window_shopping, shop, fedhas_altar_3, uniq_pikel
D:6:      nicolae_tso_carved_into_rock, uniq_menkaure
Temple:   regret_index_temple_generic_petals

Skill      XL: |  1  2  3  4  5  6  7  8 |
---------------+-------------------------+-----
Axes           | 4 5 6 8 9 12 14 | 14.8
Fighting       | |  3.6
Armour         | |  3.2
Shields        | |  3.2

Action                   |  1- 3 |  4- 6 |  7- 9 || total
-------------------------+-------+-------+-------++-------
Melee: War axe           |    82 |    93 |       ||   175
       Whip              |       |    94 |   233 ||   327
       Battleaxe         |       |       |   115 ||   115
  Use: Potion            |       |       |     2 ||     2
  Eat: Chunk             |     1 |     5 |    10 ||    16
       Pizza             |       |       |     1 ||     1
       Beef jerky        |       |       |     1 ||     1
Armor: Scale mail        |    19 |       |       ||    19
       Plate armour      |    22 |   106 |   203 ||   331
Dodge: Dodged            |    15 |    24 |    57 ||    96
Block: Shield            |    29 |    80 |   118 ||   227
